 Dungeon Crawl Stone Soup version 0.26.0-11-g8f856b5395 (webtiles) character file.

Game seed: 17206707301268519294

50326 oldmanjim the Severer (level 14, 0/113 HPs)
             Began as a Hill Orc Monk on Jan 11, 2021.
             Was the Champion of Beogh.
             Slain by a red devil
             ... wielding a +0 trident
              (12 damage)
             ... on level 6 of the Lair of Beasts on Jan 14, 2021.
             The game lasted 04:19:07 (20785 turns).

oldmanjim the Severer (Hill Orc Monk)              Turns: 20785, Time: 04:19:08

Health: 0/113      AC: 28    Str: 22    XL:     14   Next: 54%
Magic:  26/26      EV:  7    Int: 10    God:    Beogh [******]
Gold:   1346       SH: 15    Dex: 13    Spells: 13/13 levels left

rFire    + . .     SeeInvis .   a - +6 broad axe (flame)
rCold    + . .     Faith    .   V - +1 kite shield {AC+3}
rNeg     . . .     Spirit   .   Y - +1 plate armour {rF+}
rPois    .         Reflect  .   J - +1 hat
rElec    .         Harm     .   w - +2 cloak
rCorr    .         Rampage  +   q - +2 pair of gloves {Str+3}
Will     +....                  Z - +1 pair of boots {rampage}
Stlth    ..........             T - amulet of regeneration
HPRegen  0.68/turn              b - ring of protection from cold
MPRegen  0.20/turn              r - +4 ring of protection

@: lethally poisoned (0 -> -1), about to teleport
A: walk on water
a: Renounce Religion, Smiting, Recall Orcish Followers, Give Item to Named
Follower, Resurrection


You were on level 6 of the Lair of Beasts.
You worshipped Beogh.
Beogh was exalted by your worship.
You visited 2 branches of the dungeon, and saw 18 of its levels.
You also visited: Ice Cave.

You collected 1789 gold pieces.
You spent 443 gold pieces at shops.

Inventory:

Hand Weapons
 a - a +6 broad axe of flaming (weapon)
 o - a +3 vampiric demon blade
 v - a cursed -2 halberd
 F - a +2 quick blade of freezing
 L - a +0 glaive
 M - a +0 scythe of freezing
Missiles
 m - 58 poisoned darts (quivered)
 E - 19 javelins
 R - 7 silver javelins
Armour
 i - a +2 chain mail of willpower
 l - a +1 tower shield
 q - a +2 pair of gloves of strength (worn)
 w - a +2 cloak (worn)
 J - a +1 hat (worn)
 S - a scarf of invisibility
 V - a +1 kite shield of protection (worn)
 X - a +2 buckler of cold resistance
 Y - a +1 plate armour of fire resistance (worn)
 Z - a +1 pair of boots of rampaging (worn)
Jewellery
 b - a ring of protection from cold (left hand)
 r - a +4 ring of protection (right hand)
 T - an amulet of regeneration (around neck)
Wands
 s - a wand of polymorph (19)
 t - a wand of acid (15)
 x - a wand of paralysis (9)
 H - a wand of iceblast (7)
 K - a wand of enslavement (24)
Scrolls
 c - 5 scrolls of magic mapping {unknown}
 f - 19 scrolls of remove curse
 n - 8 scrolls of teleportation
 z - a scroll of torment {unknown}
 B - 2 scrolls of vulnerability {unknown}
 P - 2 scrolls of amnesia
 Q - 2 scrolls of fog
 W - 2 scrolls of identify
Potions
 e - 3 potions of invisibility
 g - a potion of cancellation
 j - 6 potions of curing
 k - 8 potions of might
 p - 3 potions of lignification
 u - 4 potions of ambrosia
 A - 2 potions of magic
 C - 4 potions of haste
 G - 4 potions of flight
 I - 5 potions of brilliance
 U - 2 potions of mutation
Miscellaneous
 y - a phial of floods (inert)
 N - a box of beasts


   Skills:
 - Level 7.0 Fighting
 + Level 17.8 Axes
 - Level 3.0 Armour
 - Level 2.4 Dodging
 - Level 1.5 Stealth
 + Level 14.8 Shields
 + Level 16.9 Invocations


You had 13 spell levels left.
You didn't know any spells.
Your spell library contained the following spells:

 Spells                   Type           Power        Failure   Level
 Animate Skeleton         Necr           0%           100%        1
 Apportation              Tloc           0%           100%        1
 Corona                   Hex            0%           100%        1
 Magic Dart               Conj           0%           100%        1
 Pain                     Necr           0%           100%        1
 Sting                    Tmut/Pois      0%           100%        1
 Summon Small Mammal      Summ           0%           100%        1
 Blink                    Tloc           N/A          100%        2
 Call Imp                 Summ           0%           100%        2
 Poisonous Vapours        Pois/Air       0%           100%        2
 Searing Ray              Conj           0%           100%        2
 Slow                     Hex            0%           100%        2
 Conjure Flame            Conj/Fire      0%           100%        3
 Dazzling Flash           Conj/Hex       0%           100%        3
 Ignite Poison            Fire/Tmut/Pois 0%           100%        3
 Inner Flame              Hex/Fire       0%           100%        3
 Mephitic Cloud           Conj/Pois/Air  0%           100%        3
 Portal Projectile        Hex/Tloc       0%           100%        3
 Vampiric Draining        Necr           0%           100%        3
 Animate Dead             Necr           0%           100%        4
 Cause Fear               Hex            0%           100%        4
 Fulminant Prism          Conj/Hex       0%           100%        4
 Iskenderun's Mystic Bla  Conj/Tloc      0%           100%        4
 Leda's Liquefaction      Hex/Erth       0%           100%        4
 Olgreb's Toxic Radiance  Pois           0%           100%        4
 Agony                    Necr           0%           100%        5


Dungeon Overview and Level Annotations

Branches:
Dungeon (12/15)            Temple (0/1) D:6            Lair (6/6) D:11
 Shoals (0/4) Lair:3       Spider (0/4) Lair:3        Slime (0/5) Lair:6
    Orc (0/2) D:10          IceCv (visited)

Altars:
Ashenzari
Hepliaklqana
Makhleb
Nemelex Xobeh
Qazlal
Sif Muna
Uskayaw
Vehumet
Wu Jian
Xom
Zin
The Shining One
Jiyva

Shops:
D:4 [   D:7 [!   D:9 *

Annotations:
D:3 1 runed translucent door, exclusion: door, fiver49's ghost, amateur TeAK
D:6 exclusion: downstairs


Message History

You block the smoke demon's attack.
Your orc knight barely misses the hell beast.
The orange demon stings you but does no damage.
You block the orange demon's attack.
Aim the phial where?
Press: ? - help, Shift-Dir - straight line, f - smoke demon, p - hell beast
Aim: a smoke demon The torrent of water misses the smoke demon.
The wave splashes down.
Your orc knight is engulfed in water.
The orange demon is engulfed in water.
The hell beast is engulfed in water.
You block the hell beast's attack. x2
The smoke demon hits you but does no damage. x3
Your orc knight hits the smoke demon with a +0 flail!
You block the hell beast's attack.
The hell beast tramples you but does no damage.
The orange demon stings you but does no damage.
The orange demon splashes around in the water.
The red devil hits you from afar with a +0 trident!
You die...

.844# ♣.o♣♣..♣♣
♣♣oP. h...#♣
♣♣o.♣..♣ ♣.o..
####'♣♣♣♣♣ ♣♣♣..♣♣
♣♣.... ♣♣♣4♣♣.♣♣
♣♣÷.♣♣ ♣..[..
♣♣♣.......♣♣
♣♣..♣♣ ♣......
♣†...♣♣♣..4♣♣♣..♣♣
♣♣♣ ♣♣♣♣... ..♣♣♣♣
♣♣♣♣.4♣.♣♣♣♣...♣♣♣
♣..#. .♣♣
♣♣♣4≈4♣o.$....♣
♣.... ♣
♣♣43@.♣♣♣♣♣♣.
♣.... ♣♣2o♣♣ ...#.
♣≈♣♣ ♣.... ♣.♣
♣♣... ♣♣. ... . ..
.. .. .. ..


You could see a hell beast (waterlogged), an orange demon (waterlogged), a smoke
demon, 4 red devils, a friendly orc knight (waterlogged) and the friendly
Arbeogh the orc knight (strong).

Vanquished Creatures
  A reaper (IceCv)
  Snorg (D:11)
  A dire elephant (Lair:6)
  2 boulder beetles
  6 hydras
  A centaur warrior (D:12)
  A catoblepas (Lair:5)
  A death yak (Lair:6)
  A wizard (Lair:6)
  3 oklob plants (Lair:3)
  A manticore (D:12)
  3 black mambas
  6 cane toads
  4 elephants
  An ice statue (IceCv)
  Joseph (D:7)
  A torpor snail (Lair:2)
  A kobold demonologist (D:9)
  Maggie (D:7)
  A redback zombie (D:11)
  3 rime drakes
  10 ice devils
  7 komodo dragons
  3 polar bears (Lair:6)
  A queen bee (Lair:5)
  Prince Ribbit (D:7)
  3 trolls
  A jumping spider (Lair:3)
  2 meliai (Lair:5)
  2 blink frogs (Lair:4)
  5 dream sheep (Lair:5)
  14 yaks
  3 wyverns
  2 redbacks (Lair:3)
  A hog (Lair:5)
  2 basilisks
  A steam dragon (D:10)
  A vampire mosquito (D:10)
  Duvessa (D:6)
  A floating eye (Lair:3)
  7 water moccasins
  3 hell hounds (Lair:6)
  3 black bears
  4 orc warriors
  3 ice beasts
  3 sky beasts
  A necrophage (D:9)
  An ogre (D:4)
  2 phantoms (D:7)
  2 centaurs
  14 wolves
  8 bullfrogs
  A big kobold (D:7)
  Dowan (D:6)
  3 scorpions
  16 killer bees
  A wight (D:10)
  A howler monkey (D:12)
  5 bullfrog zombies
  A centaur zombie (D:8)
  A quasit (D:5)
  4 orc priests
  2 hounds
  6 bullfrog skeletons
  2 centaur skeletons
  A gnoll shaman (D:10)
  An iguana (D:5)
  9 orc wizards
  6 worker ants
  3 hell rats (Lair:5)
  A killer bee zombie (D:8)
  2 howler monkey skeletons
  3 gnolls (D:10)
  4 adders
  5 shadow imps
  6 white imps (IceCv)
  12 ufetubi
  An ooze (D:3)
  An adder skeleton (D:9)
  2 worms (D:4)
  A dart slug (D:1)
  2 leopard geckos
  29 orcs
  A ball python (D:3)
  2 giant cockroaches
  4 goblins
  8 hobgoblins
  3 jackals (D:1)
  4 quokkas
  5 bats
  7 frilled lizards
  8 kobolds
  A leopard gecko zombie (D:8)
  A quokka skeleton (D:4)
  5 rats
335 creatures vanquished.

Vanquished Creatures (collateral kills)
  Gastronok (D:8)
  Kirke (Lair:5)
  4 hydras
  2 catoblepae
  A two-headed ogre (D:12)
  3 death yaks
  An unseen horror (D:11)
  An ugly thing (D:12)
  A wolf spider (Lair:3)
  A manticore (D:11)
  A black mamba (Lair:3)
  4 molten gargoyles (D:12)
  A centaur zombie (D:12)
  2 elephants (Lair:3)
  A centaur skeleton (D:10)
  6 komodo dragons
  8 cane toads
  3 rime drakes
  A meliai (Lair:5)
  A polar bear (Lair:6)
  A jumping spider (Lair:3)
  4 dream sheep
  2 blink frogs (Lair:4)
  7 yaks
  A vampire (D:8)
  A wyvern (D:11)
  2 basilisks
  A hog (Lair:5)
  6 water moccasins
  4 orc warriors
  An eye of draining (D:12)
  A necrophage (D:8)
  A sky beast (D:8)
  2 ogres
  12 wolves
  2 centaurs (D:12)
  3 bullfrogs
  A wyvern zombie (D:10)
  13 killer bees
  2 wights (D:10)
  A howler monkey (D:12)
  A hound (D:9)
  3 orc priests (D:8)
  3 orc wizards
  10 hell rats (Lair:5)
  3 worker ants
  A worker ant zombie (D:10)
  2 adders
  A white imp (D:10)
  An ufetubus (D:10)
  7 orcs
  2 quokkas
  A quokka zombie (D:8)
147 creatures vanquished.

Vanquished Creatures (others)
  2 orc knights (Lair:6)
  An orc high priest (Lair:3)
  A human (Lair:6)
  An orc warrior (D:12)
  An orc priest (D:4)
  A worker ant (D:4)
  3 orc wizards
  A white imp (IceCv)
  3 ufetubi (IceCv)
  15 orcs
  34 fungi
  28 plants
  2 withered plants (D:3)
93 creatures vanquished.

Grand Total: 575 creatures vanquished

Notes
Turn   | Place    | Note
-------+----------+-------------------------------------------
     0 | D:1      | oldmanjim the Hill Orc Monk began the quest for the Orb.
     0 | D:1      | Reached XP level 1. HP: 19/19 MP: 1/1
    39 | D:1      | Reached XP level 2. HP: 10/27 MP: 2/2
   669 | D:1      | Reached XP level 3. HP: 32/33 MP: 3/3
   827 | D:1      | Reached skill level 5 in Axes
  1268 | D:2      | Found a sparkling altar of Nemelex Xobeh.
  1976 | D:3      | Reached skill level 1 in Shields
  1976 | D:3      | Reached XP level 4. HP: 37/41 MP: 4/4
  2310 | D:3      | Found a runed translucent door.
  2311 | D:3      | Noticed fiver49's ghost (amateur TeAK)
  2433 | D:4      | Became a worshipper of Beogh the Brigand
  2433 | D:4      | Reached * piety under Beogh
  2433 | D:4      | Reached ** piety under Beogh
  2671 | D:4      | Found Dahuil's Antique Armour Shoppe.
  3014 | D:3      | Reached skill level 5 in Fighting
  3014 | D:3      | Reached skill level 1 in Invocations
  3014 | D:3      | Reached XP level 5. HP: 39/48 MP: 4/6
  3177 | D:4      | Reached skill level 6 in Axes
  3538 | D:3      | Reached XP level 6. HP: 31/56 MP: 6/8
  3968 | D:4      | Found a shimmering blue altar of Sif Muna.
  4023 | D:5      | Entered Level 5 of the Dungeon
  4220 | D:5      | Reached XP level 7. HP: 61/62 MP: 10/10
  4573 | D:4      | Reached skill level 5 in Invocations
  4705 | D:5      | Found a glowing golden altar of the Shining One.
  4756 | D:4      | Reached skill level 7 in Axes
  5405 | D:5      | Upgraded the game from 0.26.0-7-g794d0892b4 to
                  | 0.26.0-10-g1f06aea511
  5553 | D:6      | Noticed Duvessa
  5554 | D:6      | Noticed Dowan
  5580 | D:6      | Killed Duvessa
  5581 | D:6      | Reached XP level 8. HP: 42/71 MP: 12/12
  5581 | D:6      | Killed Dowan
  6016 | D:6      | Found a shimmering altar of Xom.
  6082 | D:6      | Found a staircase to the Ecumenical Temple.
  6263 | D:7      | Noticed Prince Ribbit
  6294 | D:7      | Noticed Maggie
  6430 | D:7      | Noticed Joseph
  6443 | D:7      | Found Cycuequke's Antique Armour Shop.
  6474 | D:7      | Killed Joseph
  6475 | D:7      | Reached skill level 8 in Axes
  6475 | D:7      | Reached skill level 5 in Shields
  6614 | D:7      | Bought a shiny chain mail for 195 gold pieces
  6771 | D:7      | Killed Prince Ribbit
  6772 | D:7      | Reached skill level 9 in Axes
  6772 | D:7      | Reached XP level 9. HP: 75/79 MP: 13/15
  7295 | D:7      | Killed Maggie
  7511 | D:7      | Reached *** piety under Beogh
  7768 | D:7      | Found Cycetre's Distillery.
  7789 | D:7      | Bought a potion of degeneration for 10 gold pieces
  7789 | D:7      | Bought a potion of brilliance for 40 gold pieces
  8263 | D:7      | Reached skill level 10 in Axes
  8413 | D:8      | Found a sparkling altar of Nemelex Xobeh.
  8822 | D:8      | Gained Orik as an ally
  8906 | D:8      | Noticed Gastronok
  8944 | D:8      | Killed Gastronok
  8945 | D:8      | Reached skill level 11 in Axes
  8945 | D:8      | Reached skill level 10 in Invocations
  8945 | D:8      | Reached XP level 10. HP: 56/86 MP: 17/17
 10252 | D:9      | Found Bilat's Bounteous Boutique.
 10269 | D:9      | Bought a +1 broad axe of flaming for 198 gold pieces
 10389 | D:9      | Noticed a kobold demonologist
 10430 | D:9      | Noticed a sun demon
 10432 | D:9      | Killed a kobold demonologist
 10715 | D:9      | Found a glowing silver altar of Zin.
 10717 | D:9      | Found a burning altar of Makhleb.
 10736 | D:9      | Reached skill level 12 in Axes
 11002 | D:9      | Found a radiant altar of Vehumet.
 11013 | D:9      | Found a broken altar of Ashenzari.
 11121 | D:10     | Entered Level 10 of the Dungeon
 11130 | D:10     | Reached **** piety under Beogh
 11180 | D:10     | Found a staircase to the Orcish Mines.
 11619 | D:10     | Reached XP level 11. HP: 89/92 MP: 19/19
 11710 | D:10     | Reached skill level 10 in Shields
 12090 | D:11     | Found a stormy altar of Qazlal.
 12285 | D:11     | Noticed Snorg
 12298 | D:11     | Killed Snorg
 12299 | D:11     | Reached skill level 13 in Axes
 12476 | D:11     | Killed an unseen horror
 12551 | D:11     | Found a staircase to the Lair.
 12562 | D:11     | Reached ***** piety under Beogh
 12626 | D:11     | Noticed a manticore
 12636 | D:11     | Killed a manticore
 13156 | D:12     | Found a frozen archway.
 13176 | IceCv    | Entered an ice cave
 13413 | IceCv    | Gained Bogward as an ally
 13467 | IceCv    | Your ally Bogward died
 13612 | IceCv    | Reached skill level 14 in Axes
 13697 | IceCv    | Noticed a reaper
 13703 | IceCv    | Killed a reaper
 13704 | IceCv    | Reached XP level 12. HP: 86/100 MP: 15/21
 13708 | IceCv    | Identified a scroll of acquirement
 13708 | IceCv    | Acquired 718 gold pieces
 14069 | D:12     | Found a hazy altar of Hepliaklqana.
 14205 | D:12     | Noticed a five-headed hydra
 14211 | D:12     | Killed a three-headed hydra
 14218 | D:12     | Upgraded the game from 0.26.0-10-g1f06aea511 to
                  | 0.26.0-11-g8f856b5395
 14271 | D:12     | Noticed a two-headed ogre
 14278 | D:12     | Killed a two-headed ogre
 14460 | D:12     | Noticed a centaur warrior
 14478 | D:12     | Killed a centaur warrior
 14802 | Lair:1   | Entered Level 1 of the Lair of Beasts
 15134 | Lair:1   | Reached skill level 15 in Axes
 15685 | Lair:2   | Found an ornate altar of the Wu Jian Council.
 15692 | Lair:2   | Found a hide-covered altar of Uskayaw.
 15692 | Lair:2   | Noticed a boulder beetle
 15698 | Lair:2   | Killed a boulder beetle
 16017 | Lair:2   | Gained Nordag as an ally
 16056 | Lair:2   | Noticed a six-headed hydra
 16063 | Lair:2   | Killed a four-headed hydra
 16375 | Lair:3   | Noticed an eight-headed hydra
 16381 | Lair:3   | Killed a six-headed hydra
 16382 | Lair:3   | Reached XP level 13. HP: 95/105 MP: 23/23
 16527 | Lair:3   | Found a hole to the Spider Nest.
 16531 | Lair:3   | Your ally Nordag died
 16670 | Lair:3   | Reached skill level 16 in Axes
 16724 | Lair:3   | Reached skill level 15 in Invocations
 16729 | Lair:3   | Paralysed by a floating eye for 3 turns
 16774 | Lair:3   | Found a staircase to the Shoals.
 17428 | Lair:4   | Acquired a +0 pair of gloves of strength
 18481 | Lair:5   | Reached skill level 1 in Armour
 18568 | Lair:5   | Reached ****** piety under Beogh
 19352 | Lair:6   | Entered Level 6 of the Lair of Beasts
 19686 | Lair:5   | Reached skill level 17 in Axes
 19809 | Lair:5   | Reached XP level 14. HP: 113/113 MP: 26/26
 20119 | Lair:6   | Noticed Kirke
 20128 | Lair:5   | Killed Kirke
 20214 | Lair:6   | Found a viscous altar of Jiyva.
 20214 | Lair:6   | Found a staircase to the Slime Pits.
 20524 | Lair:6   | Noticed a dire elephant
 20530 | Lair:6   | Killed a dire elephant
 20714 | Lair:6   | Found a burning altar of Makhleb.
 20779 | Lair:6   | Gained Arbeogh as an ally
 20785 | Lair:6   | Slain by a red devil

Illustrated notes

Levels and vault maps discovered:
D:1:      mainiacjoe_arrival_reflecting_pool, layout_loops_ring
D:2:      layout_basic, minmay_crystal_water, nemelex_spade_bored_becter
D:3:      minmay_chambers_of_twos, layout_basic, gammafunk_ghost_grave,
          minmay_misc_feat_rows
D:4:      layout_basic, tgw_sif, serial_shops, shop
D:5:      layout_basic, basic_altar
D:6:      layout_basic, minmay_temple_entry_arrows, xom_teletrap_fun,
          uniq_duvessa
D:7:      layout_basic, serial_shops, shop_fountains, nicolae_shop_waterfront,
          uniq_maggie, uniq_prince_ribbit1, uniq_joseph
D:8:      layout_layer_cave, nemelex_xobeh_ov_fountains_minmay, uniq_gastronok
D:9:      layout_rooms, nicolae_overflow_quartered_altars,
          nicolae_alphabet_shops
D:10:     kennysheep_windowed_halls, layout_cave_pools, orc_0_dummy, serial_park
D:11:     layout_stronghold, david_lair_generic, grunt_qazlal_clouds, uniq_snorg
D:12:     layout_long_grid, portal_ice_cave_rime, basic_altar, minivault_8
Lair:1:   layout_roguey
Lair:2:   layout_hall_layers, nzn_masters_of_martial_movement
Lair:3:   layout_misc_corridors, shoals_dummy_entry,
          spider_nest_entry_funnel_web, disabler_island
Lair:4:   layout_cave_pods
Lair:5:   layout_gridlike, special_room [special_room_bee], grunt_megastairs_3,
          infiniplex_staircase_pool_2
Lair:6:   evil_forest, layout_long_grid, dpeg_slime_entry_enclosed_altar,
          grunt_megastairs_1, serial_bayou_shore_a, lemuel_fruit_tree,
          uniq_kirke

Skill      XL: |  1  2  3  4  5  6  7  8  9 10 11 12 13 |
---------------+----------------------------------------+-----
Fighting       | 4 5 6 7 |  7.0
Axes           | 5 6 7 9 11 12 14 15 17 | 17.8
Shields        | 1 2 3 5 8 9 11 12 14 | 14.8
Invocations    | 1 2 4 5 8 10 11 13 14 16 | 16.9
Armour         | 3 |  3.0
Dodging        | |  2.4
Stealth        | |  1.5

Action                   |  1- 3 |  4- 6 |  7- 9 | 10-12 | 13-15 || total
-------------------------+-------+-------+-------+-------+-------++-------
Melee: Hand axe          |   173 |   147 |   236 |       |       ||   556
       Flail             |       |       |   136 |    26 |       ||   162
       Broad axe         |       |       |       |   380 |   320 ||   700
       Hunting sling     |       |       |       |    11 |       ||    11
 Fire: Hunting sling     |       |       |    37 |    30 |       ||    67
Throw: Dart              |     2 |    28 |     6 |    16 |    47 ||    99
       Javelin           |       |     2 |    28 |       |       ||    30
       Stone             |       |       |     1 |       |       ||     1
Invok: Convert to Beogh  |       |     1 |       |       |       ||     1
       Smiting           |       |       |     2 |     3 |     4 ||     9
       Give Item to Name |       |       |       |     2 |       ||     2
       Recall Orcish Fol |       |       |       |     1 |     1 ||     2
       Stop Recall       |       |       |       |     1 |     1 ||     2
Evoke: Wand              |       |       |       |       |     3 ||     3
       Phial of floods   |       |       |       |       |     1 ||     1
  Use: Scroll            |     5 |     1 |     7 |    13 |    10 ||    36
       Potion            |       |       |     1 |     1 |     4 ||     6
 Stab: Sleeping          |     5 |       |       |       |       ||     5
       Distracted        |     1 |       |     1 |     7 |     4 ||    13
       Invisible         |       |       |     2 |       |     3 ||     5
Armor: Robe              |    35 |       |       |       |       ||    35
       Ring mail         |    26 |    52 |    44 |       |       ||   122
       Chain mail        |       |       |    83 |    87 |       ||   170
       Plate armour      |       |       |       |   130 |   226 ||   356
Dodge: Dodged            |    80 |    29 |    62 |    81 |   103 ||   355
Block: Tower shield      |    54 |    93 |   274 |   123 |       ||   544
       Kite shield       |       |       |       |   152 |   293 ||   445
       Buckler           |       |       |       |    25 |       ||    25
